 Dungeon Crawl Stone Soup version 0.18-a0-455-gc7d4c65 (webtiles) character file.

6565 M4edhros the Covert (level 11, -1/103 HPs)
             Began as an Octopode Artificer on Dec 1, 2015.
             Was an Elder of Fedhas.
             Killed by static electricity
             ... invoked by xeno23's ghost
              (10 damage)
             ... on level 3 of the Orcish Mines.
             The game lasted 00:27:45 (12140 turns).

M4edhros the Covert (Octopode Artificer)           Turns: 12140, Time: 00:27:46

Health: -1/103     AC: 25    Str: 17    XL:     11   Next: 1%
Magic:  0/18       EV:  2    Int: 18    God:    Fedhas [****..]
Gold:   1251       SH:  0    Dex: 10    Spells: 1 memorised, 7 levels left

rFire  . . .     SeeInvis .     R - +1 dagger (elec)
rCold  . . .     Clarity  .     (no shield)
rNeg   + + +     SustAt   .     (helmet currently unavailable)
rPois  +         Gourm    .     G - amulet of guardian spirit
rElec  .         Spirit   +     s - ring of fire
rCorr  .         Dsmss    .     u - ring of ice
rMut   .         NoTele   +     w - +4 ring of strength
MR     .....                    H - +4 ring of strength
Stlth  ++++++++..               Q - +1 ring of evasion
                                (no ring)
                                (no ring)
                                (no ring)

@: tree-form, not resistant to hostile enchantments, extraordinarily stealthy
A: almost no armour, amphibious, 8 rings, (constrict 8), (camouflage 0), clumsy
1, regeneration 1, robust 1, teleportitis 1, weak 1, (gelatinous body 0)
a: Evolution, Sunlight, Growth, Reproduction, Renounce Religion


You were on level 3 of the Orcish Mines.
You worshipped Fedhas.
Fedhas was greatly pleased with you.
You were not hungry.
You were a tree.
You visited 3 branches of the dungeon, and saw 15 of its levels.

You collected 1284 gold pieces.
You spent 33 gold pieces at shops.

Inventory:

Hand Weapons
 D - a +0 dagger of venom
 P - a +0 short sword of freezing
 R - a +1 dagger of electrocution (weapon)
Missiles
 g - 216 stones (quivered)
 j - 18 sling bullets of frost
 q - 85 sling bullets
 v - 2 javelins
 L - 5 curare-tipped needles
Jewellery
 s - a ring of fire (left branch)
 t - an uncursed ring of ice
 u - a ring of ice (right branch)
 w - a +4 ring of strength (on tentacle)
 z - an uncursed ring of fire
 B - an uncursed amulet of stasis
 C - an uncursed ring of fire
 G - an amulet of guardian spirit (around neck)
 H - a +4 ring of strength (on tentacle)
 Q - a +1 ring of evasion (on tentacle)
Wands
 b - a wand of flame (0)
 c - a wand of enslavement (4)
 d - a wand of random effects (10)
 h - a wand of digging (11)
 o - a wand of polymorph (13)
 A - a wand of invisibility (1)
 S - a wand of confusion (24)
 U - a wand of frost (33)
Scrolls
 f - 6 scrolls of blinking
 i - 4 scrolls of remove curse
 l - a scroll of noise
 m - 2 scrolls of recharging
 p - a scroll of fog
 y - 5 scrolls of enchant armour
 E - 3 scrolls of identify
 J - a scroll of holy word
 O - a scroll of amnesia
Potions
 k - a potion of poison
 N - a potion of lignification
Books
 a - a Young Poisoner's Handbook

   Spells                             Type                      Level
   a - Sting                          Conjuration/Poison           1
   b - Cure Poison                    Poison                       2
   c - Mephitic Cloud                 Conjuration/Poison/Air       3
   d - Olgreb's Toxic Radiance        Poison                       4
   e - Venom Bolt                     Conjuration/Poison           5
 n - a book of Party Tricks

   Spells                             Type                      Level
   a - Summon Butterflies             Summoning                    1
   b - Apportation                    Translocation                1
   c - Tukima's Dance                 Hexes                        3
   d - Alistair's Intoxication        Transmutation/Poison         4
   e - Invisibility                   Hexes                        6
 K - a book of Frost

   Spells                             Type                      Level
   a - Freeze                         Ice                          1
   b - Throw Frost                    Conjuration/Ice              2
   c - Ozocubu's Armour               Charms/Ice                   3
   d - Throw Icicle                   Conjuration/Ice              4
   e - Summon Ice Beast               Ice/Summoning                4
   f - Condensation Shield            Ice                          4
 M - the Tome of Companions
   (You found it on level 9 of the Dungeon)

   Spells                             Type                      Level
   a - Summon Butterflies             Summoning                    1
   b - Summon Small Mammal            Summoning                    1
   c - Summon Guardian Golem          Hexes/Summoning              3
   d - Call Canine Familiar           Summoning                    3
   e - Aura of Abjuration             Summoning                    5
   f - Summon Hydra                   Summoning                    7
Comestibles
 e - 3 bread rations
 r - 2 beef jerkies
 x - 9 royal jellies
 F - a meat ration
 I - 10 fruits


   Skills:
 - Level 1.0 Fighting
 - Level 1.0 Short Blades
 + Level 8.2 Dodging
 + Level 12.2 Stealth
 * Level 0.1 Spellcasting
 * Level 0.2 Conjurations
 * Level 1.3 Air Magic
 * Level 0.2 Poison Magic
 + Level 8.2 Invocations
 + Level 9.6 Evocations


You had 7 spell levels left.
You knew the following spells:

 Your Spells              Type           Power        Failure   Level  Hunger
a - Mephitic Cloud        Conj/Pois/Air  #.......     56%         3    ####...


Dungeon Overview and Level Annotations

Branches:
Dungeon (11/15)            Temple (1/1) D:5            Lair (0/8) D:10
    Orc (3/4) D:10
    Elf: Orc:3-4

Altars:
Ashenzari
Cheibriados
Dithmenos
Elyvilon
Fedhas
Gozag
Kikubaaqudgha
Makhleb
Nemelex Xobeh
Okawaru
Qazlal
Ru
Sif Muna
Trog
Vehumet
Xom
Yredelemnul
Zin
The Shining One

Shops:
D:7 }   Orc:1 %

Annotations:
D:1 1 runed door
Orc:3 exclusion: 2 hyperactive ballistomycetes, xeno23's ghost, journeyman DgAE


Innate Abilities, Weirdness & Mutations

You cannot wear most types of armour.
You are amphibious.
You can wear up to eight rings at the same time.
((You can use your tentacles to constrict eight enemies at once.))
((Your skin changes colour to match your surroundings (Stealth).))
((Your rubbery body absorbs attacks (AC +1).))
You are clumsy. (Dex -2)
Your natural rate of healing is unusually fast.
You are robust (+10% HP).
You are occasionally teleported to nearby monsters.
You are weak. (Str -2)


Message History

Unknown command.
Unknown command.
Unknown command.
You hit xeno23's ghost but do no damage.
There is a sudden explosion of sparks!
Xeno23's ghost is severely damaged.
Your wandering mushroom completely misses xeno23's ghost.
Xeno23's ghost whispers, "The ORB doesn't exist."
Xeno23's ghost mumbles some strange words.
Your wandering mushroom is struck by lightning.
The lightning arcs!
Your wandering mushroom is struck by lightning.
The lightning arcs!
Your wandering mushroom is struck by lightning.
Your wandering mushroom is destroyed!
You feel a little guilty.
The lightning arcs!
Your wandering mushroom is struck by lightning.
The lightning arcs!
You are struck by lightning.
You die...
Fedhas appreciates your contribution to the ecosystem.

.....##...........###.....###
......####..$...#.##......#<#
.......##......#...##........
...$..#.........#...#......)#
.....#......##.....)÷.)......
..........P####.....)[#..##..
.....PP.....#.#.......######)
......)..P.W.#....)[...#.##..
##...P.P....♣.#.../[.........
##..).PP.f........)...#.##..
.....###.................#...
..... ##.........#...........
..... #........#.##..#.......
..## ###......#.###.##......
.# ##...#....######..###
##......## ###. ###..### #


You could see xeno23's ghost, 2 friendly hyperactive ballistomycetes and a
friendly wandering mushroom.

Vanquished Creatures
  Fannar (Orc:2)
  A cyclops (D:10)
  Prince Ribbit (D:6)
  A troll (D:10)
  A hungry ghost (D:9)
  A soldier ant (D:8)
  A water moccasin (D:10)
  3 orc warriors
  2 ogres
  A black bear (D:7)
  A wasp (D:8)
  A centaur (D:10)
  Blork the orc (D:5)
  A big kobold (D:8)
  3 giant frogs
  2 scorpions
  2 killer bees (D:10)
  8 wights
  A vampire bat (D:2)
  3 crimson imps
  A giant frog zombie (D:10)
  A jelly (D:8)
  4 hounds
  7 orc priests
  13 orc wizards
  A giant frog skeleton (D:6)
  3 iguanas
  6 worker ants
  A hound zombie (D:5)
  10 adders
  A gnoll (D:3)
  A shadow imp (D:7)
  3 oozes
  3 worms
  An adder skeleton (D:7)
  5 giant geckos
  91 orcs
  7 bat skeletons (D:2)
  4 giant cockroaches (D:1)
  3 goblins
  13 hobgoblins
  2 jackals (D:10)
  A ball python (D:1)
  4 bats
  2 giant gecko skeletons
  4 giant newts
  11 kobolds
  4 quokkas
  A quokka skeleton (D:7)
  5 rats
249 creatures vanquished.

Vanquished Creatures (collateral kills)
  A cyclops (D:10)
  2 trolls
  A trapdoor spider (D:10)
  Menkaure (D:6)
  A soldier ant (D:8)
  6 orc warriors
  3 sky beasts
  3 ogres
  5 phantoms
  A centaur (D:9)
  An ice beast (D:7)
  A wyvern skeleton (D:7)
  2 giant frogs (D:6)
  4 killer bees (D:10)
  3 wights
  A crimson imp (D:9)
  2 hounds
  8 orc priests
  6 orc wizards
  An iguana (D:8)
  3 worker ants
  6 gnolls
  2 adders
  26 orcs
  A giant cockroach (D:3)
  A giant gecko skeleton (D:6)
  A giant newt (D:4)
  A giant spore (Orc:3)
  A toadstool (Orc:3)
95 creatures vanquished.

Vanquished Creatures (others)
  An oklob plant (D:6)
  An adder (D:3)
  An orc (Orc:3)
  19 wandering mushrooms
  260 toadstools
282 creatures vanquished.

Grand Total: 626 creatures vanquished

Notes
Turn   | Place    | Note
--------------------------------------------------------------
     0 | D:1      | M4edhros the Octopode Artificer began the quest for the Orb.
     0 | D:1      | Reached XP level 1. HP: 13/13 MP: 3/3
     1 | D:1      | Found a runed door.
     7 | D:1      | Noticed a jelly
   101 | D:2      | Reached XP level 2. HP: 13/18 MP: 4/4
   333 | D:3      | Reached XP level 3. HP: 16/23 MP: 5/5
   464 | D:3      | Reached skill level 4 in Evocations
   671 | D:4      | Reached XP level 4. HP: 15/28 MP: 7/7
   846 | D:5      | Entered Level 5 of the Dungeon
   853 | D:5      | Found a shimmering altar of Xom.
  1099 | D:5      | Became a worshipper of Xom of Chaos
  1112 | D:5      | Reached XP level 5. HP: 25/33 MP: 8/8
  1125 | D:5      | Found a deep blue altar of Sif Muna.
  1161 | D:5      | XOM: harmless Summ miscast
  1172 | D:5      | Found a staircase to the Ecumenical Temple.
  1213 | D:5      | XOM: divination: detect items
  1257 | Temple   | Entered the Ecumenical Temple
  1404 | Temple   | Fell from the grace of Xom
  1404 | Temple   | Became a worshipper of Fedhas Madash
  1693 | D:1      | XOM: summons 3 hostile demons
  1879 | D:1      | Reached skill level 5 in Stealth
  1914 | D:1      | XOM: medium Necr miscast
  1993 | D:1      | XOM: medium Air miscast
  2390 | D:2      | Reached skill level 5 in Evocations
  2480 | D:2      | Reached * piety under Fedhas
  2585 | D:2      | Found a white marble altar of Elyvilon.
  2679 | D:2      | Found an ancient bone altar of Kikubaaqudgha.
  2791 | D:2      | XOM: polymorph wandering mushroom -> wandering mushroom
  2815 | D:2      | Found a faded altar to an unknown god.
  2919 | D:2      | Reached skill level 1 in Invocations
  2935 | D:2      | XOM: stat loss: -3 Str (11/14)
  3039 | D:3      | Reached XP level 6. HP: 38/38 MP: 9/9
  3209 | D:3      | Found a sparkling altar of Nemelex Xobeh.
  3321 | D:3      | Found a sacrificial altar of Ru.
  3416 | D:3      | Found a glowing silver altar of Zin.
  3416 | D:3      | Found a burning altar of Makhleb.
  3417 | D:3      | Noticed a cacodemon
  3417 | D:3      | Noticed an angel
  3533 | D:4      | Reached skill level 6 in Stealth
  3546 | D:4      | Reached ** piety under Fedhas
  3711 | D:4      | XOM: give mutations
  3711 | D:4      | Gained mutation: You are dopey. (Int -2) [Xom's mischief]
  3711 | D:4      | Gained mutation: You are frail (-10% HP). [Xom's mischief]
  3724 | D:4      | XOM: stat loss: -3 Int (12/15)
  3777 | D:4      | XOM: polymorph wandering mushroom -> wandering mushroom
  3883 | D:4      | XOM: mild Ice miscast
  3928 | D:4      | Reached XP level 7. HP: 31/38 MP: 11/11
  3976 | D:4      | XOM: polymorph wandering mushroom -> oklob plant
  4047 | D:4      | Found a shadowy altar of Dithmenos.
  4095 | D:4      | XOM: torment (18/38 hp)
  4132 | D:4      | Reached skill level 7 in Stealth
  4676 | D:5      | XOM: medium Tloc miscast
  4878 | D:5      | XOM: polymorph wandering mushroom -> wandering mushroom
  4908 | D:5      | Noticed Blork the orc
  4913 | D:5      | Reached XP level 8. HP: 43/43 MP: 12/12
  4925 | D:5      | Killed Blork the orc
  5207 | D:5      | XOM: summons 5 hostile demons
  5249 | D:5      | HP: 1/43 [shadow imp/nerve-wracking pain[Xom] (10)]
  5435 | D:6      | XOM: noise
  5637 | D:6      | XOM: polymorph wandering mushroom -> oklob plant
  5774 | D:6      | XOM: give mutation
  5774 | D:6      | Lost mutation: You are frail (-10% HP). [Xom's mischief]
  5780 | D:6      | Noticed Prince Ribbit
  5950 | D:6      | Killed Prince Ribbit
  5950 | D:6      | Reached skill level 8 in Stealth
  6119 | D:6      | Noticed Menkaure
  6121 | D:6      | Killed Menkaure
  6124 | D:6      | Found a burning altar of Makhleb.
  6450 | D:6      | Reached skill level 5 in Dodging
  6600 | D:6      | XOM: stat loss: -2 Int (12/15)
  6793 | D:7      | XOM: give mutation
  6793 | D:7      | Gained mutation: You are robust (+10% HP). [Xom's mischief]
  6840 | D:7      | Found Senifo's Gadget Shoppe.
  7153 | D:7      | Reached XP level 9. HP: 45/58 MP: 14/14
  7171 | D:7      | Reached skill level 9 in Stealth
  7250 | D:7      | Reached skill level 5 in Invocations
  7398 | D:7      | XOM: summons 2 hostile shadow creatures
  7577 | D:7      | XOM: summons 5 hostile demons
  7724 | D:8      | Found a shimmering altar of Xom.
  7796 | D:8      | Found an iron altar of Okawaru.
  7873 | D:8      | Found a bloodstained altar of Trog.
  7904 | D:8      | Found a basalt altar of Yredelemnul.
  7915 | D:8      | XOM: summons 5 hostile shadow creatures
  7934 | D:8      | HP: 2/58 [iguana[Xom] (8)]
  7981 | D:8      | Reached skill level 10 in Stealth
  8241 | D:8      | XOM: polymorph wandering mushroom -> wandering mushroom
  8343 | D:8      | Found a radiant altar of Vehumet.
  8545 | D:8      | XOM: give mutations
  8545 | D:8      | Lost mutation: You are dopey. (Int -2) [Xom's mischief]
  8545 | D:8      | Gained mutation: You are weak. (Str -2) [Xom's mischief]
  8545 | D:8      | Gained mutation: Scrolls take you a little longer to read. [Xom's mischief]
  8734 | D:9      | XOM: medium Hex miscast
  8737 | D:9      | Identified the Tome of Companions
  8907 | D:9      | XOM: medium Trmt miscast
  9103 | D:10     | Entered Level 10 of the Dungeon
  9111 | D:10     | Reached XP level 10. HP: 45/63 MP: 12/16
  9215 | D:10     | Reached *** piety under Fedhas
  9387 | D:10     | Reached skill level 11 in Stealth
  9419 | D:10     | Found a staircase to the Lair.
  9500 | D:10     | XOM: noise
  9525 | D:10     | Found a staircase to the Orcish Mines.
  9540 | D:10     | Noticed a cyclops
  9558 | D:10     | Noticed a cyclops
  9558 | D:10     | Killed a cyclops
  9594 | D:10     | Killed a cyclops
  9870 | D:10     | XOM: mild Ice miscast
  9870 | D:10     | Was forgiven by Xom
 10316 | D:10     | Gained mutation: You are occasionally teleported to nearby monsters. [mutagenic meat]
 10317 | D:10     | Lost mutation: Scrolls take you a little longer to read. [mutagenic meat]
 10318 | D:10     | Gained mutation: You are clumsy. (Dex -2) [mutagenic meat]
 10319 | D:10     | Gained mutation: Your natural rate of healing is unusually fast. [mutagenic meat]
 10561 | Orc:1    | Entered Level 1 of the Orcish Mines
 10571 | Orc:1    | Found Pymmev's Food Emporium.
 10637 | Orc:1    | Bought 2 fruits for 33 gold pieces
 10674 | Orc:1    | Reached **** piety under Fedhas
 10967 | Orc:2    | Noticed Fannar
 11491 | Orc:2    | Learned a level 3 spell: Mephitic Cloud
 11514 | Orc:2    | Killed Fannar
 11514 | Orc:2    | Reached skill level 12 in Stealth
 11841 | Orc:3    | Noticed xeno23's ghost (journeyman DgAE)
 11949 | Orc:3    | Reached skill level 1 in Air Magic
 11949 | Orc:3    | Reached XP level 11. HP: 69/69 MP: 18/18
 12132 | Orc:3    | HP: 5/103 [xeno23's ghost/zap (3)]
 12140 | Orc:3    | Killed from afar by xeno23's ghost

Vault maps used:
D:1:      dpeg_arrival_caged_fury, grunt_decor_arrowhead
D:2:      kennysheep_vampire_church, ecumenical_altar_1,
          kennysheep_cross_bottleneck, elyvilon_altar_4
D:3:      grunt_temple_overflow_order_and_chaos_2, nicolae_ru_path_of_blood,
          nemelex_altar_shiori, first_bread
D:4:      old_standard_altar
D:5:      overflow_temple_1_default, minmay_temple_entry_fiery, basic_altar,
          grunt_ministairs_11, uniq_blork_the_orc
D:6:      makhleb_heckhound_becter, uniq_menkaure, uniq_prince_ribbit1
D:7:      serial_shops, shop_fountains
D:8:      bloody_trog, minitemple, lemuel_coloured_pillars_altar, basic_altar,
          st_stairs_6, hangedman_pestilent_swarm
D:10:     lair_0_dummy, orc_0_dummy
D:11:     uniq_sonja
Temple:   jpeg_temple_alley_garden_8
Orc:1:    serial_shops, nicolae_shop_trees, nicolae_orc_pool_cavern
Orc:2:    library_closet, mines2_lemuel, uniq_fannar

Action                   |  1- 3 |  4- 6 |  7- 9 | 10-12 || total
-------------------------+-------+-------+-------+-------++-------
Melee: Short sword       |    32 |   137 |    26 |       ||   195
       Dagger            |       |       |   211 |   258 ||   469
Invok: Evolution         |       |     2 |     8 |    16 ||    26
       Sunlight          |       |       |     4 |     7 ||    11
       Reproduction      |       |       |       |     1 ||     1
Evoke: Wand              |     4 |     3 |     8 |    19 ||    34
  Use: Potion            |       |     2 |     4 |     3 ||     9
       Scroll            |       |       |    14 |     5 ||    19
 Stab: Sleeping          |     2 |    19 |    31 |    18 ||    70
       Distracted        |       |     1 |       |     1 ||     2
       Confused          |       |       |     2 |       ||     2
       Invisible         |       |       |     2 |       ||     2
  Eat: Meat ration       |       |     2 |       |     2 ||     4
       Royal jelly       |       |     1 |       |       ||     1
       Bread ration      |       |       |     3 |       ||     3
       Chunk             |       |       |       |     7 ||     7
       Beef jerky        |       |       |       |     1 ||     1
